 Dungeon Crawl Stone Soup version 0.28.0-53-g5a82cb258f (webtiles) character file.

Game seed: 7018417265089889780

49 Tiocfaidh the Caller (level 3, -1/26 HPs)
             Began as a Minotaur Summoner on Aug 20, 2022.
             Succumbed to Robin's poison
             ... on level 2 of the Dungeon.
             The game lasted 00:07:09 (1015 turns).

Tiocfaidh the Caller (Minotaur Summoner)            Turns: 1015, Time: 00:07:09

Health: -1/26      AC:  6    Str: 12    XL:     3   Next: 53%
Magic:  0/4        EV: 12    Int: 14    God:
Gold:   49         SH:  0    Dex: 10    Spells: 1/4 levels left

rFire   . . .      SeeInvis .   i - +1 dagger (venom)
rCold   . . .      Faith    .   (no shield)
rNeg    . . .      Spirit   .   a - +0 robe
rPois   .          Reflect  .   (helmet restricted)
rElec   .          Harm     .   (no cloak)
rCorr   .          Rampage  .   (no gloves)
Will    .....                   (no boots)
Stlth   ++........              b - amulet of the acrobat
HPRegen 0.08/turn               g - +4 ring of protection
MPRegen 0.09/turn               (no ring)

@: lethally poisoned (-1 -> -14), very slightly contaminated
A: horns 2, retaliatory headbutt
a: no special abilities


You were on level 2 of the Dungeon.
You visited 1 branch of the dungeon, and saw 2 of its levels.

You collected 49 gold pieces.

Inventory:

Hand Weapons
 i - a +1 dagger of venom (weapon)
Missiles
 e - 3 boomerangs (quivered)
Armour
 a - a +0 robe (worn)
Jewellery
 b - an amulet of the acrobat (around neck)
 g - a +4 ring of protection (left hand)
Scrolls
 f - a scroll of torment {unknown}
Potions
 c - a potion of berserk rage {unknown}
 h - a potion of attraction {unknown}


   Skills:
 + Level 0.2 Fighting
 + Level 0.5 Short Blades
 + Level 0.5 Throwing
 + Level 2.8 Dodging
 + Level 1.8 Stealth
 + Level 1.4 Spellcasting
 + Level 3.5 Summonings


You had one spell level left.
You knew the following spells:

 Your Spells              Type           Power      Damage    Failure   Level
a - Summon Small Mammal   Summ           40%        N/A       6%          1
b - Call Imp              Summ           10%        N/A       9%          2

Your spell library contained the following spells:

 Spells                   Type           Power      Damage    Failure   Level
 Call Canine Familiar     Summ           10%        N/A       19%         3
 Summon Guardian Golem    Hex/Summ       5%         N/A       36%         3
 Summon Lightning Spire   Summ/Air       5%         N/A       77%         4


Dungeon Overview and Level Annotations

Branches:
Dungeon (2/15)

Altars:

Annotations:
D:2 Jessica, Robin


Innate Abilities, Weirdness & Mutations

You have a pair of horns on your head.
You reflexively headbutt those who attack you in melee.


Message History

Robin hits your shadow imp with a +0 dagger of venom.
Your shadow imp dies!
Your shadow imp disappears in a puff of smoke!
The goblin misses you. You furiously retaliate!
You headbutt the goblin. You closely miss the goblin.
Your headbutt misses the goblin.
The goblin is severely wounded.
The goblin hits you but does no damage. Robin throws the goblin at you!
You hit the goblin.
You kill the goblin!
The goblin closely misses you. Robin throws the goblin at you!
You closely miss the goblin. The goblin hits you with a +0 club.
The goblin barely misses you. You furiously retaliate!
You headbutt the goblin.
You kill the goblin!
Casting: Call Imp (safe; 9% risk of failure)
Confirm with . or Enter, or press ? or * to list all spells.
A beastly little devil appears in a puff of flame.
Robin looks more healthy.
The goblin hits you but does no damage.
You hit Robin.
Robin is poisoned.
Robin is moderately wounded.
The goblin hits you with a +0 club.
Robin says, "Feeling lonely?"
Robin hits you but does no damage.
You are poisoned.
You hit Robin.
Robin looks as sick as possible!
Robin is moderately wounded.
You feel sick. The goblin misses you.
Robin hits you with a +0 dagger of venom.
* * * LOW HITPOINT WARNING * * *
You are more poisoned.
Your crimson imp blinks!
* * * LOW HITPOINT WARNING * * *
You feel very sick. The goblin completely misses you.
You see here a +0 dagger.
Casting: Call Imp (safe; 9% risk of failure)
Confirm with . or Enter, or press ? or * to list all spells.
You miscast Call Imp.
You are very lightly contaminated with residual magic.
Nothing appears to happen.
You die...

# #. ....# #.##.# #.
##.##.#># #.##.#
#.##...#.#.##)#.#.#
#....#)).....###).#
#####....g##g.#.#.###
..?.......5.).##.##
####.....###.##.#
#.....# #.##.#
###.#####.##@#
#.......)gg#
#....5..####
#########


You could see Robin (extremely poisoned), a goblin (strong, ally target) and a
friendly crimson imp (summoned).

Vanquished Creatures
  An adder (D:2)
  A worm (D:2)
  6 bats (D:1)
  A giant cockroach (D:1)
  9 goblins
  3 hobgoblins
  3 kobolds
  2 ball pythons (D:1)
  2 frilled lizards (D:1)
  3 rats
31 creatures vanquished.

Vanquished Creatures (collateral kills)
  3 goblins (D:2)
3 creatures vanquished.

Grand Total: 34 creatures vanquished

Notes
Turn   | Place    | Note
-------+----------+-------------------------------------------
     0 | D:1      | Tiocfaidh the Minotaur Summoner began the quest for the
                  | Orb.
     0 | D:1      | Reached XP level 1. HP: 14/14 MP: 1/1
    64 | D:1      | Reached skill level 3 in Summonings
   268 | D:1      | Reached XP level 2. HP: 19/20 MP: 3/3
   736 | D:2      | Noticed Jessica
   736 | D:2      | Found a faded altar of an unknown god.
   965 | D:2      | Reached XP level 3. HP: 24/26 MP: 4/4
   968 | D:2      | Learned a level 2 spell: Call Imp
   982 | D:2      | Noticed Robin
  1015 | D:2      | Succumbed to Robin's poison

Illustrated notes

Levels and vault maps discovered:
D:1:      psy_arrival_dodecagon, layout_loops_ring
D:2:      layout_loops_ring, serial_shops, shop, basic_ecumenical_altar,
          uniq_robin, uniq_jessica

Skill      XL: |  1 |
---------------+----+-----
Summonings     | 3 |  3.5
Fighting       | |  0.2
Short Blades   | |  0.5
Throwing       | |  0.5
Dodging        | |  2.8
Stealth        | |  1.8
Spellcasting   | |  1.4

Action                   || total
-------------------------++-------
Melee: Dagger            ||    64
       Unarmed           ||     5
       Headbutt          ||    10
Throw: Boomerang         ||    18
 Cast: Summon Small Mamm ||     1
       Call Imp          ||     2
 Stab: Sleeping          ||     3
Armor: Robe              ||    23
Dodge: Dodged            ||    63
